 Dungeon Crawl Stone Soup version 0.21-a0-258-g4c0eb85 (webtiles) character file.

422 tidbits the Insei (level 6, -8/46 HPs)
             Began as a Demigod Transmuter on Sept 6, 2017.
             Killed by divine providence
             ... invoked by an orc priest
              (13 damage)
             ... on level 4 of the Dungeon.
             The game lasted 00:11:32 (1321 turns).

tidbits the Insei (Demigod Transmuter)              Turns: 1321, Time: 00:11:32

Health: -8/46      AC:  2    Str: 13    XL:     6   Next: 35%
Magic:  4/11       EV: 19    Int: 21    God:
Gold:   30         SH:  0    Dex: 21    Spells: 3/9 levels left

rFire    . . .     SeeInvis .     - Unarmed
rCold    . . .     Gourm    .   (shield currently unavailable)
rNeg     . . .     Faith    .   (armour currently unavailable)
rPois    x         Spirit   .   (helmet currently unavailable)
rElec    .         Reflect  .   (cloak currently unavailable)
rCorr    .         Harm     .   (gloves currently unavailable)
MR       .....                  (boots currently unavailable)
Stlth    ++........             (no amulet)
HPRegen  0.15/turn              (no ring)
MPRegen  0.12/turn              (no ring)

@: spider-form, very slightly contaminated, invisible
A: high mp 1
a: End Transformation


You were on level 4 of the Dungeon.
You were not hungry.
You were a venomous arachnid creature.
You visited 1 branch of the dungeon, and saw 4 of its levels.

You collected 30 gold pieces.

Inventory:

Hand Weapons
 i - a +0 dagger of protection
   (You took it off a goblin on level 4 of the Dungeon)
Missiles
 a - 4 arrows
 g - 28 stones (quivered)
 h - 12 bolts
 n - 9 tomahawks
Armour
 b - a +0 robe (melded)
Wands
 l - a wand of disintegration (0/24)
Scrolls
 e - a scroll of amnesia {unknown}
 f - a scroll of enchant weapon
 p - a scroll of enchant armour {unknown}
Books
 c - a book of Changes

   Spells                             Type                      Level
   a - Beastly Appendage              Transmutation                1
   b - Sticks to Snakes               Transmutation                2
   c - Spider Form                    Transmutation/Poison         3
   d - Ice Form                       Ice/Transmutation            4
   e - Blade Hands                    Transmutation                5
Comestibles
 d - 2 bread rations
 j - 3 fruits
 q - a royal jelly
 r - 7 chunks of flesh


   Skills:
 + Level 0.8 Fighting
 + Level 1.7 Dodging
 - Level 1.3 Stealth
 * Level 5.6 Unarmed Combat
 - Level 2.0 Spellcasting
 + Level 3.8 Transmutations


You had 3 spell levels left.
You knew the following spells:

 Your Spells              Type           Power        Failure   Level  Hunger
e - Beastly Appendage     Tmut           ###...       11%         1    #......
k - Sticks to Snakes      Tmut           ###.....     14%         2    ##.....
p - Spider Form           Tmut/Pois      ##........   41%         3    ###....


Dungeon Overview and Level Annotations

Branches:
Dungeon (4/15)
 Temple: D:4-7


Innate Abilities, Weirdness & Mutations

You have an increased reservoir of magic. (+10% MP)


Message History

Items here: )))) [ ††
Things that are here:
a dagger; a goblin corpse
Found 27 stones and a dagger.
You see here a howler monkey skeleton.
Found a stone staircase leading down.
A centaur skeleton comes into view.
The centaur skeleton moves out of view.
Found a coppery potion.
Casting: Spider Form
Confirm with . or Enter, or press ? or * to list all spells.
You turn into a venomous arachnid creature.
Your +0 robe melds into your body.
Your transformation is almost over.
You hit the centaur skeleton.
The centaur skeleton is lightly damaged.
The centaur skeleton misses you.
You bite the centaur skeleton!
The centaur skeleton is moderately damaged.
The centaur skeleton completely misses you.
You hit the centaur skeleton but do no damage.
The centaur skeleton is moderately damaged.
The centaur skeleton misses you. The centaur skeleton hits you.
You hit the centaur skeleton.
The centaur skeleton is moderately damaged.
The centaur skeleton hits you.
* * * LOW HITPOINT WARNING * * *
You bite the centaur skeleton!
The centaur skeleton is severely damaged.
The centaur skeleton misses you.
You hit the centaur skeleton.
The centaur skeleton is severely damaged.
The centaur skeleton closely misses you.
You bite the centaur skeleton!
The centaur skeleton is almost destroyed.
The centaur skeleton completely misses you.
You hit the centaur skeleton.
You destroy the centaur skeleton!
Your transformation has ended.
Your +0 robe unmelds from your body.
There is a stone staircase leading down here.
k - a coppery potion Unknown command.
A ball python comes into view.
Casting: Spider Form
Confirm with . or Enter, or press ? or * to list all spells.
You miscast Spider Form.
You are very lightly contaminated with residual magic.
Nothing appears to happen.
The ball python hisses angrily.
You barely miss the ball python. The ball python misses you.
The ball python closely misses you.
You hit the ball python.
The ball python is severely wounded.
The ball python closely misses you. The ball python misses you.
You hit the ball python.
You kill the ball python!
Found 4 fruits.
Wield which item (- for none, * to show all)? (? for menu, Esc to quit)
Your +0 dagger of protection hums with potential!
i - a +0 dagger of protection (weapon)
Wield which item (- for none, * to show all)? (? for menu, Esc to quit)
Your +0 dagger of protection goes still.
You are now empty-handed.
An orc and an orc priest come into view.
The orc priest moves out of view.
Casting: Spider Form
Confirm with . or Enter, or press ? or * to list all spells.
You turn into a venomous arachnid creature.
Your +0 robe melds into your body.
An orc priest and a skeleton come into view.
The orc priest shouts!
You hit the orc.
The orc is severely wounded.
The bullfrog skeleton moves out of view.
The orc completely misses you. The orc misses you.
An orc comes into view.
The orc misses you.
You hit the orc.
The orc is poisoned.
The orc is almost dead.
You kill the orc!
Casting: Spider Form
Confirm with . or Enter, or press ? or * to list all spells.
You create a snake!
You now have 4 arrows.
The orc priest calls down the wrath of Beogh upon you.
Beogh smites you!
* * * LOW HITPOINT WARNING * * *
You hear an angry hiss.
You hear a shout!
A leopard gecko comes into view.
The orc priest hits you with a club.
* * * LOW HITPOINT WARNING * * *
Things that are here:
a hand axe; an orc corpse It was a potion of invisibility.
You fade into invisibility!
The orc priest misses you.
The orc priest invokes the aid of Beogh against you.
Beogh smites you!
You die...

############.......####.####
.....))..÷.......>..........
#######).##..##.##..###.#.#.
8.8.8.8..##..##.........#
.........##..##............
......[..##......#.####.#.#
.........##......#.#### ..
.........#......S...o.# #.
.........##.....s####.#
8.8.8.8..##.#..Zo#
###########......l.#
#.######.# #%


o.Z # ##. # You could see 2 orc priests, an orc (wandering), a leopard gecko, a
bullfrog skeleton and a friendly ball python.

Vanquished Creatures
  An ogre (D:4)
  Blork the orc (D:4)
  A howler monkey (D:4)
  A centaur skeleton (D:4)
  An iguana (D:4)
  3 worker ants (D:4)
  5 adders
  An ooze (D:1)
  A dart slug (D:3)
  A leopard gecko (D:4)
  6 orcs
  5 bats
  8 goblins
  6 hobgoblins
  A jackal (D:3)
  A quokka (D:3)
  2 ball pythons (D:4)
  A frilled lizard (D:4)
  A kobold (D:3)
  4 rats
51 creatures vanquished.

Notes
Turn   | Place    | Note
-------+----------+-------------------------------------------
     0 | D:1      | tidbits the Demigod Transmuter began the quest for the Orb.
     0 | D:1      | Reached XP level 1. HP: 15/15 MP: 5/5
    83 | D:1      | Reached skill level 2 in Spellcasting
   249 | D:1      | Reached skill level 2 in Transmutations
   262 | D:1      | Reached skill level 3 in Unarmed Combat
   262 | D:1      | Reached XP level 2. HP: 20/22 MP: 4/7
   266 | D:1      | Learned a level 2 spell: Sticks to Snakes
   502 | D:3      | Reached XP level 3. HP: 22/27 MP: 4/8
   508 | D:3      | Learned a level 3 spell: Spider Form
   534 | D:3      | Found a basalt altar of Yredelemnul.
   785 | D:4      | Reached XP level 4. HP: 23/34 MP: 5/9
   799 | D:4      | Reached skill level 4 in Unarmed Combat
   826 | D:4      | Reached skill level 1 in Stealth
   871 | D:4      | Reached skill level 3 in Transmutations
   871 | D:4      | Reached XP level 5. HP: 24/39 MP: 0/10
  1014 | D:4      | Noticed Blork the orc
  1148 | D:4      | Killed Blork the orc
  1180 | D:4      | Noticed an ogre
  1192 | D:4      | Killed an ogre
  1192 | D:4      | Reached skill level 5 in Unarmed Combat
  1192 | D:4      | Reached XP level 6. HP: 28/46 MP: 8/11
  1320 | D:4      | HP: 4/46 [orc priest/club (5)]
  1321 | D:4      | Killed from afar by an orc priest

Vault maps used:
D:1:      roderic_crossed_star
D:3:      lemuel_crystal_altar, serial_bayou_pond_c,
          hangedman_abyss_or_decor_lesser_grid, minmay_misc_feat_encased,
          minivault_4, roderic_roman_lattice, uniq_terence
D:4:      kennysheep_the_goblin_king, kennysheep_mini, uniq_blork_the_orc

Skill      XL: |  1  2  3  4  5 |
---------------+----------------+-----
Spellcasting   | 2 |  2.0
Transmutations | 2 3 |  3.8
Unarmed Combat | 3 4 5 |  5.6
Stealth        | 1 |  1.3
Fighting       | |  0.8
Dodging        | |  1.7

Action                   |  1- 3 |  4- 6 || total
-------------------------+-------+-------++-------
Melee: Unarmed           |    68 |    71 ||   139
       Kick              |     9 |       ||     9
       Headbutt          |     6 |       ||     6
       Punch             |     1 |       ||     1
 Cast: Beastly Appendage |    16 |     1 ||    17
       Sticks to Snakes  |     4 |     4 ||     8
       Spider Form       |     6 |    10 ||    16
Evoke: Wand              |       |     5 ||     5
  Use: Scroll            |     2 |     4 ||     6
       Potion            |       |     3 ||     3
 Stab: Sleeping          |     4 |     3 ||     7
       Distracted        |     1 |       ||     1
  Eat: Chunk             |     1 |     4 ||     5
Armor: Robe              |     8 |     2 ||    10
       Skin              |     3 |       ||     3
Dodge: Dodged            |    54 |    53 ||   107

Table legend:
 A = Spawn XP
 B = Non-spawn XP
 C = Spawn XP percentage of total XP
 D = Spawn monster count
 E = Non-spawn monster count
 F = Spawn count percentage of total count
 G = Total turns spent on level
                    A         B        C        D         E        F      G
               +---------+---------+-------+---------+---------+-------+---------
         Total |       0 |     603 |   0.0 |       0 |      51 |   0.0 |  1321
               +---------+---------+-------+---------+---------+-------+---------
           D:1 |       0 |      18 |   0.0 |       0 |       8 |   0.0 |   299
           D:2 |       0 |      16 |   0.0 |       0 |       3 |   0.0 |    81
           D:3 |       0 |      56 |   0.0 |       0 |      15 |   0.0 |   402
           D:4 |       0 |     513 |   0.0 |       0 |      25 |   0.0 |   539
               +---------+---------+-------+---------+---------+-------+---------

Table legend:
 A = Turns spent in this place as a percentage of turns spent in the entire game.
 B = Non-inter-level travel turns spent in this place as a percentage of non-inter-level travel turns spent in the entire game.
 C = Inter-level travel turns spent in this place as a percentage of turns spent in this place.
 D = Turns resting spent in this place as a percentage of non-inter-level travel turns spent in this place.
 E = Turns spent auto-exploring this place as a percentage of non-inter-level travel turns spent in this place.
 F = Non-inter-level travel turns spent in this place divided by the number of levels of this place that you've seen.
                   A       B       C       D       E      F
               +-------+-------+-------+-------+-------+----------------------
         Total | 100.0 | 100.0 |   3.1 |   0.0 |   0.0 | 320.0
       Dungeon | 100.0 | 100.0 |   3.1 |   0.0 |   0.0 | 320.0
               +-------+-------+-------+-------+-------+----------------------

Table legend:
 A = Kills in this place as a percentage of kills in entire the game.
 B = Kills by you in this place as a percentage of kills by you in the entire game.
 C = Kills by friends in this place as a percentage of kills by friends in the entire game.
 D = Other kills in this place as a percentage of other kills in the entire game.
 E = Experience gained in this place as a percentage of experience gained in the entire game.
 F = Experience gained in this place divided by the number of levels of this place that you have seen.
                   A       B       C       D       E      F
               +-------+-------+-------+-------+-------+----------------------
         Total | 100.0 | 100.0 |   N/A |   N/A | 100.0 | 150.8
       Dungeon | 100.0 | 100.0 |   N/A |   N/A | 100.0 | 150.8
               +-------+-------+-------+-------+-------+----------------------

Vault maps used:
D:1:      roderic_crossed_star
D:3:      lemuel_crystal_altar, serial_bayou_pond_c,
          hangedman_abyss_or_decor_lesser_grid, minmay_misc_feat_encased,
          minivault_4, roderic_roman_lattice, uniq_terence
D:4:      kennysheep_the_goblin_king, kennysheep_mini, uniq_blork_the_orc
